 Dungeon Crawl Stone Soup version 0.19-a0-1025-g778f431 (webtiles) character file.

1311 4thArraOfDagon the Cleaver (level 8, -6/64 HPs)
             Began as a Minotaur Berserker on July 28, 2016.
             Was a Believer of Trog.
             Killed from afar by a gargoyle (13 damage)
             ... with a stone arrow
             ... on level 10 of the Dungeon.
             The game lasted 00:06:33 (1328 turns).

4thArraOfDagon the Cleaver (Minotaur Berserker)     Turns: 1328, Time: 00:06:34

Health: -6/64      AC: 10    Str: 24    XL:     8   Next: 32%
Magic:  16/16      EV:  9    Int:  4    God:    Trog [**....]
Gold:   233        SH:  0    Dex: 10    Spells: 0 memorised, 7 levels left

rFire  . . .     SeeInvis .     w - +0 broad axe
rCold  . . .     Gourm    .     e - +0 chain mail
rNeg   . . .     Faith    .     (no shield)
rPois  .         Spirit   .     p - +0 hat
rElec  .         Dismiss  .     (no cloak)
rCorr  .         Reflect  .     (no gloves)
SustAt .         Harm     .     (no boots)
MR     ++...                    (no amulet)
Stlth  ..........               (no ring)
                                r - ring of magical power

@: lethally poisoned (-6 -> -6), regenerating, very resistant to hostile
enchantments, extremely unstealthy
A: retaliatory headbutt, horns 2
a: Berserk, Trog's Hand, Burn Spellbooks, Renounce Religion


You were on level 10 of the Dungeon.
You worshipped Trog.
Trog was pleased with you.
You were very hungry.

You visited 1 branch of the dungeon, and saw 10 of its levels.

You collected 233 gold pieces.

Inventory:

Hand Weapons
 a - a +0 hand axe
 w - a +0 broad axe (weapon)
Armour
 b - a +0 animal skin
 e - a +0 chain mail (worn)
 p - a +0 hat (worn)
Jewellery
 r - a ring of magical power (left hand)
Scrolls
 d - 2 scrolls of teleportation {unknown}
 g - a scroll of random uselessness {unknown}
 h - a scroll of recharging
 k - a scroll of amnesia {unknown}
 l - 2 scrolls of identify
 m - 2 scrolls of remove curse {unknown}
 n - a scroll of enchant armour {unknown}
 o - a scroll of immolation {unknown}
 s - a scroll of fog {unknown}
Potions
 f - 2 potions of curing
 i - a potion of flight {unknown}
 j - a potion of degeneration {unknown}
 t - a potion of brilliance {unknown}
 u - a potion of cancellation {unknown}
 x - a potion of lignification {unknown}
Comestibles
 c - 4 bread rations
 q - 2 chunks of flesh
 z - a meat ration


   Skills:
 - Level 3.6 Fighting
 * Level 10.4 Axes
 + Level 7.5 Armour
 - Level 2.1 Dodging


You had 7 spell levels left.
You didn't know any spells.

Dungeon Overview and Level Annotations

Branches:
Dungeon (10/15)
 Temple: D:4-7         Lair: D:8-11         Orc: D:9-12

Altars:
Cheibriados
Fedhas
Gozag

Annotations:
D:10 4thArraOfDagon's ghost, novice MiBe; Josephine


Innate Abilities, Weirdness & Mutations

You reflexively headbutt those who attack you in melee.
You have a pair of horns on your head.


Message History

Unknown command.
Unknown command.
The gargoyle hits you with a mace!
Unknown command.
Your skin crawls.
You feel resistant to hostile enchantments.
You are feeling very hungry.
The wasp stings you!
* * * LOW HITPOINT WARNING * * *
The wasp stings you.
* * * LOW HITPOINT WARNING * * *
You are poisoned.
Unknown command.
As you read the scroll labeled VIHAWOGG BIMIST, it crumbles to dust.
It is a scroll of identify.
f - 2 potions of curing You feel sick.
The gargoyle hurls a stone arrow at you.
The stone arrow hits you!
You die...

# #. .###.# #
..#...###### .#
..#.........####.#
............Wy@9#
###........_.Wz###.#
..#..#........$# .#
.....##.....n..# #
..)..##...W.#..#
..z..##...@.#..##
.@.Wy##$..W...#..
W!.#.##........#..
..##.####.##..##..#


You could see Josephine, a hungry ghost, 2 wraiths, a gargoyle, a necrophage, a
wasp and a wight.

Vanquished Creatures
  A hippogriff (D:9)
  A hungry ghost (D:8)
  A sky beast (D:5)
  A black bear (D:6)
  An ogre (D:9)
  2 centaurs
  A big kobold (D:8)
  A giant frog (D:6)
  3 howler monkeys (D:8)
  A crimson imp (D:5)
  A jelly (D:8)
  A centaur skeleton (D:9)
  An orc priest (D:3)
  Jessica (D:3)
  2 iguanas
  3 worker ants
  A hound skeleton (D:6)
  A worker ant zombie (D:6)
  3 adders
  2 shadow imps
  2 oozes
  An adder zombie (D:4)
  2 worms
  2 dart slugs
  2 giant geckos
  An orc (D:6)
  2 bats
  2 giant cockroaches
  3 goblins (D:3)
  3 hobgoblins
  4 jackals (D:8)
  3 quokkas
  A giant newt (D:1)
  A jackal skeleton (D:8)
  8 kobolds
  A quokka zombie (D:9)
  3 rats
70 creatures vanquished.

Notes
Turn   | Place    | Note
-------+----------+-------------------------------------------
     0 | D:1      | 4thArraOfDagon the Minotaur Berserker began the quest for the Orb.
     0 | D:1      | Reached XP level 1. HP: 19/19 MP: 0/0
   113 | D:1      | Reached skill level 4 in Axes
   212 | D:2      | Reached XP level 2. HP: 26/26 MP: 1/1
   357 | D:2      | Reached XP level 3. HP: 31/31 MP: 2/2
   394 | D:3      | Reached ** piety under Trog
   421 | D:3      | Noticed Jessica
   436 | D:3      | Killed Jessica
   436 | D:3      | Reached skill level 5 in Axes
   436 | D:3      | Reached XP level 4. HP: 15/39 MP: 3/3
   654 | D:5      | Entered Level 5 of the Dungeon
   660 | D:5      | Reached XP level 5. HP: 44/45 MP: 4/4
   689 | D:5      | Reached skill level 6 in Axes
   750 | D:6      | Noticed a centaur
   763 | D:6      | Killed a centaur
   763 | D:6      | Reached skill level 7 in Axes
   763 | D:6      | Reached skill level 5 in Armour
   763 | D:6      | Reached XP level 6. HP: 51/51 MP: 5/5
   883 | D:6      | Found an opulent altar of Gozag.
   885 | D:6      | Found a blossoming altar of Fedhas.
   976 | D:5      | Noticed a sky beast
   983 | D:5      | Killed a sky beast
   983 | D:5      | Reached skill level 8 in Axes
   983 | D:5      | Reached XP level 7. HP: 51/57 MP: 6/6
  1060 | D:8      | Reached skill level 9 in Axes
  1163 | D:8      | Noticed a hungry ghost
  1182 | D:8      | Killed a hungry ghost
  1198 | D:8      | Reached *** piety under Trog
  1198 | D:8      | Reached XP level 8. HP: 54/64 MP: 7/7
  1245 | D:9      | Reached skill level 10 in Axes
  1268 | D:9      | Found a snail-covered altar of Cheibriados.
  1299 | D:10     | Entered Level 10 of the Dungeon
  1299 | D:10     | Noticed Josephine
  1301 | D:10     | Noticed 4thArraOfDagon's ghost (novice MiBe)
  1313 | D:10     | Noticed a cyclops
  1316 | D:10     | Found an opulent altar of Gozag.
  1324 | D:10     | Noticed a gargoyle
  1328 | D:10     | Killed from afar by a gargoyle

Vault maps used:
D:1:      evilmike_arrival_run_for_it, serial_glass, glass_columns_a,
          glass_columns_a, minmay_pentomino_o4
D:2:      ecumenical_altar_2
D:3:      grunt_ministairs_7, minmay_misc_feat_more_columns, kennysheep_donut,
          uniq_jessica
D:4:      serial_shops, kennysheep_little_box, first_bread, uniq_purgy,
          uniq_natasha
D:5:      basic_altar, uniq_prince_ribbit1, uniq_menkaure
D:6:      minitemple
D:7:      good_gods_temple_1, basic_altar, serial_shops, shop, uniq_duvessa,
          uniq_joseph
D:8:      nicolae_overflow_hidden_temple, uniq_grum
D:9:      wad_guarded_room, overflow_temple_1_default, serial_shops, shop,
          uniq_psyche
D:10:     erik_lair_island, basic_altar, uniq_josephine

Skill      XL: |  1  2  3  4  5  6  7  8 |
---------------+-------------------------+-----
Axes           | 4 5 7 8 9 10 | 10.4
Armour         | 3 4 5 6 7 |  7.5
Fighting       | |  3.6
Dodging        | |  2.1

Action                   |  1- 3 |  4- 6 |  7- 9 || total
-------------------------+-------+-------+-------++-------
Melee: Hand axe          |    29 |    93 |    12 ||   134
       Headbutt          |     6 |    24 |    11 ||    41
       Broad axe         |       |       |    36 ||    36
Invok: Berserk           |     1 |     4 |     2 ||     7
       Trog's Hand       |     1 |       |     3 ||     4
  Use: Scroll            |       |       |     2 ||     2
  Eat: Chunk             |       |     5 |     4 ||     9
       Royal jelly       |       |       |     1 ||     1
       Pizza             |       |       |     1 ||     1
Armor: Animal skin       |     9 |       |       ||     9
       Chain mail        |    24 |    55 |    42 ||   121
Dodge: Dodged            |    18 |    33 |    36 ||    87
